 Dungeon Crawl Stone Soup version 0.16-a0-1761-g9575c7c (webtiles) character file.

49876 ztt the Covert (level 14, -12/103 HPs)
             Began as a Demonspawn Ice Elementalist on Oct 31, 2014.
             Was a Believer of Sif Muna.
             Mangled by a giant leech (34 damage)
             ... on level 8 of the Lair of Beasts.
             The game lasted 01:38:56 (35908 turns).

ztt the Covert (Demonspawn Ice Elementalist)       Turns: 35908, Time: 01:38:56

Health: -12/103    AC: 16    Str: 10    XL:     14   Next: 17%
Magic:  30/30      EV: 23    Int: 18    God:    Sif Muna [**....]
Gold:   1119       SH:  0    Dex: 22    Spells: 6 memorised, 20 levels left

rFire  + + .     SeeInvis .     g - +4 dagger (venom)
rCold  + + .     Clarity  .     E - +0 robe (curse)
rNeg   + . .     SustAb   .     (no shield)
rPois  .         Gourm    .     o - +2 hat
rElec  +         Spirit   .     H - +0 cloak "Etaff" {rElec rF+ rC++}
rCorr  .         Warding  +     y - +0 pair of gloves
rMut   .         Stasis   .     M - +2 pair of boots of the Assassin {Stlth++}
MR     +....                    U - amulet of warding
Stlth  +++++++++.               Q - +4 ring of protection
                                S - +6 ring of dexterity

@: very slightly contaminated, slowed, lost intelligence, very slow, somewhat
resistant to hostile enchantments, incredibly stealthy
A: horns 2, yellow scales 2, fire resistance 1, nightstalker 2, spiny 2
a: Channel Energy, Forget Spell, Renounce Religion


You were on level 8 of the Lair of Beasts.
You worshipped Sif Muna.
Sif Muna was pleased with you.
You were not hungry.

You visited 3 branches of the dungeon, and saw 20 of its levels.

You collected 1489 gold pieces.
You spent 370 gold pieces at shops.

Inventory:

Hand weapons
 g - a +4 dagger of venom (weapon)
Armour
 o - a +2 hat (worn)
 y - a +0 pair of gloves (worn)
 E - a cursed +0 robe (worn)
 H - the +0 cloak "Etaff" (worn) {rElec rF+ rC++}
   (You bought it in a shop on level 11 of the Dungeon)

   It protects you from fire.
   It greatly protects you from cold.
   It insulates you from electricity.
 M - the +2 pair of boots of the Assassin (worn) {Stlth++}
   (You acquired it on level 4 of the Lair of Beasts)

   It makes you much more stealthy.
Jewellery
 k - an uncursed ring of protection from magic
 F - an uncursed ring of sustain abilities
 K - an uncursed ring of flight
 P - an uncursed amulet of rage
 Q - a +4 ring of protection (right hand)
 S - a +6 ring of dexterity (left hand)
 U - an amulet of warding (around neck)
 V - an uncursed ring of teleportation
 W - a +3 ring of intelligence
Magical devices
 d - a wand of digging (0)
 q - a wand of flame (16)
 r - a wand of confusion (24)
 A - a wand of slowing (38)
 B - a wand of random effects (9)
 I - a wand of disintegration (15)
 T - a wand of fire (7)
Scrolls
 f - 9 scrolls of remove curse
 i - a scroll of amnesia
 j - 9 scrolls of teleportation
 n - 2 scrolls of recharging
 p - 2 scrolls of fog
 x - 3 scrolls of magic mapping
 z - 3 scrolls of identify
 G - a scroll of blinking
 O - a scroll of silence
Potions
 h - 2 potions of brilliance
 m - 4 potions of curing
 s - a potion of cure mutation
 u - 3 potions of flight
 w - 5 potions of might
 J - a potion of invisibility
 X - a potion of agility
Books
 b - a book of Party Tricks

   Spells                             Type                      Level
   *Summon Butterflies                Summoning                    1
   *Apportation                       Translocation                1
   *Blink                             Translocation                2
   Tukima's Dance                     Hexes                        3
   Alistair's Intoxication            Transmutation/Poison         4
 e - a book of Minor Magic

   Spells                             Type                      Level
   Magic Dart                         Conjuration                  1
   *Blink                             Translocation                2
   Call Imp                           Summoning                    2
   Repel Missiles                     Charms/Air                   2
   Slow                               Hexes                        2
   Conjure Flame                      Conjuration/Fire             3
   Mephitic Cloud                     Conjuration/Poison/Air       3
 t - a book of the Sky

   Spells                             Type                      Level
   Flight                             Charms/Air                   3
   Airstrike                          Air                          4
   Silence                            Hexes/Air                    5
   Deflect Missiles                   Charms/Air                   6
   Conjure Ball Lightning             Conjuration/Air              6
   Tornado                            Air                          9
 v - a book of Changes

   Spells                             Type                      Level
   Beastly Appendage                  Transmutation                1
   Sticks to Snakes                   Transmutation                2
   Spider Form                        Transmutation/Poison         3
   Ice Form                           Ice/Transmutation            4
   Blade Hands                        Transmutation                5
 C - a book of Cantrips

   Spells                             Type                      Level
   Corona                             Hexes                        1
   *Animate Skeleton                  Necromancy                   1
   Summon Small Mammal                Summoning                    1
   *Apportation                       Translocation                1
 N - a book of Annihilations {highlevel, unknown}

   This book is beyond your current level of understanding.

   Spells                             Type                      Level
   Poison Arrow                       Conjuration/Poison           6
   Chain Lightning                    Conjuration/Air              8
   Lehudib's Crystal Spear            Conjuration/Earth            8
   Glaciate                           Conjuration/Ice              9
   Fire Storm                         Conjuration/Fire             9
 R - a book of Envenomations

   Spells                             Type                      Level
   Spider Form                        Transmutation/Poison         3
   Alistair's Intoxication            Transmutation/Poison         4
   Olgreb's Toxic Radiance            Poison                       4
   Poisonous Cloud                    Conjuration/Poison/Air       6
 Y - a book of the Tempests

   Spells                             Type                      Level
   Static Discharge                   Conjuration/Air              3
   Lightning Bolt                     Conjuration/Air              5
   Fireball                           Conjuration/Fire             5
   Tornado                            Air                          9
   Shatter                            Earth                        9
Comestibles
 c - 11 bread rations
 l - 7 meat rations
 Z - 9 royal jellies


   Skills:
 + Level 7.1 Fighting
 + Level 5.6 Short Blades
 + Level 11.4 Dodging
 * Level 13.8 Stealth
 + Level 8.5 Spellcasting
   Level 1.0 Conjurations
 + Level 0.6 Summonings
 + Level 4.4 Necromancy
 + Level 9.5 Ice Magic


You had 20 spell levels left.
You knew the following spells:

 Your Spells              Type           Power        Failure   Level  Hunger
a - Freeze                Ice            ####         1%          1    None
b - Animate Skeleton      Necr           N/A          1%          1    None
c - Apportation           Tloc           #.........   12%         1    None
d - Summon Ice Beast      Ice/Summ       ####....     14%         4    ###....
e - Blink                 Tloc           N/A          14%         2    None
f - Summon Butterflies    Summ           #.......     10%         1    None


Dungeon Overview and Level Annotations

Branches:
Dungeon (11/15)            Temple (1/1) D:4             Orc (0/4) D:9
   Lair (8/8) D:11          Swamp (0/5) Lair:4        Snake (0/5) Lair:6
  Slime (0/6) Lair:7

Altars:
Ashenzari
Cheibriados
Dithmenos
Elyvilon
Fedhas
Gozag
Kikubaaqudgha
Makhleb
Nemelex Xobeh
Okawaru
Qazlal
Ru
Sif Muna
Trog
Vehumet
Xom
Yredelemnul
Zin
The Shining One

Shops:
D:7 }   D:9 =   D:10 *   D:11 [[%}

Annotations:
Lair:7 exclusion: 2 oklob plants


Innate Abilities, Weirdness & Mutations

You have a pair of horns on your head.
You are mostly covered in yellow scales (AC +3).
You are significantly more attuned to the shadows.
You are mostly covered in sharp spines.
Your flesh is heat resistant.


Message History

Read which item? (? for menu, Esc to quit)
Blink to where?
Press: ? - help, Dir - move target cursor
As you read the scroll of blinking, it crumbles to dust.
You are very lightly contaminated with residual magic.
There is a fountain of sparkling water here.
Drink which item? (? for menu, Esc to quit)
Okay, then.
Read which item? (? for menu, Esc to quit)
You almost manage to decipher the scroll, but fail in this attempt.
The giant leech completely misses you. The giant leech barely misses you.
The giant leech completely misses you.
The giant leech bites you but does no damage.
Being near the torpor snail leaves you feeling lethargic.
The giant leech closely misses you.
Read which item? (? for menu, Esc to quit)
You almost manage to decipher the scroll, but fail in this attempt.
The giant leech bites you!!
You die...

.....#.# ###...#+ ....####
#...### #### ....# ##..# #.#.
##... ###..## ###..# .#.. #....#
#.#..P ##.#.Y ##..##### ##..... #
# ##.P#..## ###......
##w..#w#####........
#..@.....##.....P...
#.PPP.....#......... {
###PP..##.P.......#P
#..#...#...P.P...#..
####..........P.P#.. #########
#####.......####P..#.
P....##.#####P.........#####.....
......##.......#......####.......
.....................## #P......#


You could see a giant leech and a torpor snail (wandering).

Vanquished Creatures
  Harold (Lair:8)
  4 hydras
  4 death yaks
  An unseen horror (D:11)
  A lindwurm (Lair:8)
  5 elephants
  3 griffons
  9 spiny frogs
  A queen ant (Lair:3)
  5 torpor snails
  A black mamba (Lair:6)
  A centaur skeleton (D:11)
  A kobold demonologist (D:11)
  2 fire drakes
  7 komodo dragons
  A giant leech (Lair:8)
  A queen bee (D:9)
  15 blink frogs
  9 polar bears
  Prince Ribbit (D:7)
  A wraith (D:11)
  2 basilisks
  A wyvern (D:11)
  40 yaks
  Grum (D:8)
  6 swamp worms (Lair:2)
  21 wolves
  4 wargs
  2 hippogriffs
  17 water moccasins
  5 soldier ants (Lair:3)
  4 hell hounds (Lair:8)
  An eye of draining (D:11)
  3 orc warriors
  A sky beast (D:11)
  7 black bears
  5 phantoms
  3 ogres
  8 porcupines
  A yellow wasp (D:7)
  2 ice beasts
  A necrophage (D:8)
  2 boring beetles
  5 centaurs
  9 crocodiles
  Duvessa (D:5)
  6 brain worms
  2 big kobolds
  14 giant frogs
  A scorpion (Lair:3)
  35 killer bees
  4 wights (D:9)
  An electric eel (Lair:3)
  2 goliath beetles (D:11)
  Dowan (D:5)
  5 crimson imps
  18 hounds
  3 orc priests
  Crazy Yiuf (D:4)
  5 iguanas
  4 jellies
  16 orc wizards
  13 worker ants
  Natasha (thrice) (D:3)
  A big kobold zombie (D:5)
  An ogre zombie (D:7)
  16 sheep
  Jessica (D:3)
  7 gnolls
  51 green rats
  A scorpion zombie (D:9)
  3 shadow imps
  21 adders
  21 worms
  An iguana skeleton (D:10)
  5 giant geckos
  2 oozes (D:1)
  51 orcs
  2 bat skeletons (D:4)
  A bat zombie (D:6)
  9 giant cockroaches
  14 goblins
  14 hobgoblins
  21 kobolds
  12 quokkas
  A ball python (D:1)
  26 bats
  4 giant newts
  2 gnoll zombies (D:7)
  A goblin zombie (D:5)
  12 jackals
  A jackal zombie (D:5)
  A kobold skeleton (D:7)
  28 rats
  12 ballistomycetes (D:9)
703 creatures vanquished.

Vanquished Creatures (collateral kills)
  A hydra (Lair:3)
  2 death yaks (Lair:7)
  A black mamba (Lair:8)
  3 spiny frogs
  3 komodo dragons
  2 blink frogs
  A polar bear (Lair:8)
  3 yaks
  A hippogriff (Lair:5)
  2 wolves (Lair:3)
  2 wargs (Lair:8)
  A porcupine (Lair:1)
  5 black bears (Lair:8)
  3 water moccasins
  2 giant frogs
  A killer bee (D:8)
  An orc priest (D:10)
  4 hounds (Lair:8)
  2 worker ants (Lair:3)
  7 sheep
  2 adders
  7 green rats
  2 worms
  5 bats
  2 kobolds (D:10)
  3 fungi
  2 plants (Lair:8)
70 creatures vanquished.

Vanquished Creatures (others)
  2 spiny frog skeletons
  4 ice beasts
  An elephant skeleton (Lair:3)
  3 komodo dragon skeletons
  A hell hound skeleton (Lair:8)
  2 water moccasin skeletons
  3 polar bear skeletons
  A hippogriff skeleton (Lair:5)
  5 yak skeletons
  4 wolf skeletons
  2 giant frog skeletons (Lair:1)
  5 black bear skeletons (Lair:8)
  3 porcupine skeletons
  A big kobold skeleton (D:11)
  5 crocodile skeletons
  An ogre skeleton (D:7)
  2 hound skeletons
  A sheep skeleton (Lair:5)
  2 adder skeletons
  2 green rat skeletons (Lair:1)
  A giant spore (D:9)
  A gnoll skeleton (D:9)
  A hobgoblin skeleton (D:10)
  5 kobold skeletons
  14 orc skeletons
  A rat (D:4)
  3 fungi
  14 plants
90 creatures vanquished.

Grand Total: 863 creatures vanquished

Notes
Turn   | Place    | Note
--------------------------------------------------------------
     0 | D:1      | ztt, the Demonspawn Ice Elementalist, began the quest for the Orb.
     0 | D:1      | Reached XP level 1. HP: 13/13 MP: 3/3
   402 | D:1      | Reached skill level 3 in Ice Magic
   549 | D:1      | Gained mutation: You are partially covered in sharp spines. [demonic ancestry]
   549 | D:1      | Reached XP level 2. HP: 19/19 MP: 1/4
  1153 | D:1      | Gained mutation: You have a pair of small horns on your head. [demonic ancestry]
  1153 | D:1      | Reached XP level 3. HP: 22/25 MP: 4/6
  1553 | D:2      | Reached skill level 1 in Fighting
  1703 | D:2      | Found a glowing golden altar of the Shining One.
  1749 | D:2      | Gained mutation: You are partially covered in yellow scales (AC +2). [demonic ancestry]
  1749 | D:2      | Reached XP level 4. HP: 27/32 MP: 0/9
  2658 | D:3      | Gained mutation: You are mostly covered in yellow scales (AC +3). [demonic ancestry]
  2658 | D:3      | Reached XP level 5. HP: 37/37 MP: 11/11
  2970 | D:3      | Found an ancient bone altar of Kikubaaqudgha.
  3032 | D:3      | Found a shimmering altar of Xom.
  3159 | D:3      | Noticed Jessica
  3169 | D:3      | Killed Jessica
  3169 | D:3      | Reached skill level 4 in Ice Magic
  3236 | D:3      | Noticed Natasha
  3242 | D:3      | Killed Natasha
  3373 | D:3      | Noticed Natasha
  3381 | D:3      | Killed Natasha
  3758 | D:3      | Noticed Natasha
  3763 | D:3      | Killed Natasha
  3930 | D:4      | Reached XP level 6. HP: 34/43 MP: 8/13
  4073 | D:4      | Found a radiant altar of Vehumet.
  4074 | D:4      | Found a burning altar of Makhleb.
  4485 | D:4      | Found a staircase to the Ecumenical Temple.
  4498 | Temple   | Entered the Ecumenical Temple
  5439 | D:4      | Noticed Crazy Yiuf
  5459 | D:4      | Killed Crazy Yiuf
  5613 | D:5      | Entered Level 5 of the Dungeon
  5658 | D:5      | Found a shattered altar of Ashenzari.
  5686 | D:5      | Noticed a water moccasin
  5701 | D:5      | Killed a water moccasin
  5701 | D:5      | Reached XP level 7. HP: 29/50 MP: 12/17
  5881 | D:5      | Reached skill level 1 in Short Blades
  6133 | D:5      | Noticed Dowan
  6134 | D:5      | Noticed Duvessa
  6283 | D:5      | Killed Duvessa
  6292 | D:5      | Killed Dowan
  6292 | D:5      | Reached skill level 5 in Ice Magic
  7283 | D:5      | Gained mutation: You are slightly more attuned to the shadows. [demonic ancestry]
  7283 | D:5      | Reached XP level 8. HP: 50/57 MP: 19/19
  7638 | D:6      | Reached skill level 5 in Spellcasting
  8058 | D:6      | Reached skill level 5 in Dodging
  8696 | D:6      | Learned a level 1 spell: Animate Skeleton
  8698 | D:6      | Learned a level 1 spell: Apportation
  9038 | D:7      | Found a basalt altar of Yredelemnul.
  9244 | D:7      | Noticed Prince Ribbit
  9263 | D:7      | Killed Prince Ribbit
  9494 | D:6      | Reached XP level 9. HP: 44/64 MP: 21/21
  9656 | D:6      | Reached skill level 5 in Stealth
  9715 | D:7      | Reached skill level 6 in Ice Magic
  9794 | D:7      | Found Kuraapp's Quality Used Wands.
 10361 | D:8      | Found an iron altar of Okawaru.
 10367 | D:8      | Noticed Grum
 10719 | D:8      | Killed Grum
 11208 | D:8      | Found a deep blue altar of Sif Muna.
 11432 | D:8      | Reached skill level 7 in Ice Magic
 11486 | D:9      | Found a bloodstained altar of Trog.
 11658 | D:9      | Found a shadowy altar of Dithmenos.
 11755 | D:9      | Reached XP level 10. HP: 57/71 MP: 18/24
 12747 | D:9      | Found Ple Shra's Jewellery Shop.
 12834 | D:9      | Found a bloodstained altar of Trog.
 13828 | D:8      | Became a worshipper of Sif Muna the Loreminder
 13960 | D:8      | Gained mutation: Your flesh is heat resistant. [potion of beneficial mutation]
 14848 | D:9      | Learned a level 4 spell: Summon Ice Beast
 14853 | D:9      | Found a staircase to the Orcish Mines.
 15038 | D:9      | Reached skill level 8 in Ice Magic
 15176 | D:9      | Found a blossoming altar of Fedhas.
 15275 | D:10     | Entered Level 10 of the Dungeon
 15448 | D:10     | Reached skill level 5 in Fighting
 15610 | D:10     | Found Ammak's General Store.
 16095 | D:10     | Gained mutation: You are significantly more attuned to the shadows. [demonic ancestry]
 16095 | D:10     | Reached XP level 11. HP: 65/79 MP: 25/25
 16369 | D:10     | Reached skill level 1 in Necromancy
 17356 | D:11     | Acquired Sif Muna's first power
 17576 | D:11     | Found Shrieliku's Armour Shoppe.
 17602 | D:11     | Found a staircase to the Lair.
 18425 | D:11     | Found Schasheo's Antique Armour Shoppe.
 18428 | D:11     | Bought a distressingly furry cloak for 190 gold pieces
 18428 | D:11     | Bought a pair of runed boots for 90 gold pieces
 18439 | D:11     | Identified the +0 cloak "Etaff" {rElec rF+ rC++} (You bought it in a shop on level 11 of the Dungeon)
 18444 | D:11     | Bought a pair of runed boots for 90 gold pieces
 18604 | D:11     | Found Joachem's Gadget Emporium.
 18633 | D:11     | Found Dakhyag's Food Shop.
 19237 | D:11     | Killed an unseen horror
 19602 | Lair:1   | Entered Level 1 of the Lair of Beasts
 19663 | Lair:1   | Reached skill level 9 in Dodging
 21433 | Lair:1   | Reached XP level 12. HP: 26/88 MP: 27/27
 24041 | Lair:2   | Acquired Sif Muna's second power
 25116 | Lair:3   | Noticed a four-headed hydra
 25132 | Lair:3   | Killed a four-headed hydra
 25705 | Lair:3   | Reached skill level 10 in Dodging
 25705 | Lair:3   | Reached skill level 10 in Stealth
 26933 | Lair:4   | Identified a scroll of acquirement
 27120 | Lair:4   | Reached skill level 11 in Stealth
 27431 | Lair:4   | Gained mutation: You are mostly covered in sharp spines. [demonic ancestry]
 27431 | Lair:4   | Reached XP level 13. HP: 50/94 MP: 29/29
 27684 | Lair:4   | Found a staircase to the Swamp.
 28982 | Lair:6   | Found a staircase to the Snake Pit.
 29256 | Lair:6   | Reached skill level 5 in Short Blades
 29466 | Lair:6   | Reached skill level 12 in Stealth
 30971 | Lair:7   | Found a staircase to the Slime Pits.
 30977 | Lair:7   | Got an ancient cloak
 30992 | Lair:7   | Identified the +3 cloak of the Ladybird {rN+} (You found it on level 7 of the Lair of Beasts)
 31683 | Lair:7   | Reached skill level 13 in Stealth
 31820 | Lair:8   | Entered Level 8 of the Lair of Beasts
 31952 | Lair:8   | Noticed Harold
 32003 | Lair:8   | Killed Harold
 33255 | Lair:8   | Learned a level 2 spell: Blink
 33813 | Lair:8   | Gained mutation: You have a pair of horns on your head. [demonic ancestry]
 33813 | Lair:8   | Reached XP level 14. HP: 83/103 MP: 28/30
 33816 | Lair:8   | Got a faintly humming hat
 34040 | Lair:8   | Identified the -5 hat "Blicwiac" {Str+1 Int+3} (You found it on level 8 of the Lair of Beasts)
 34083 | Lair:8   | Learned a level 1 spell: Summon Butterflies
 35674 | Lair:8   | Lost intelligence.
 35908 | Lair:8   | Mangled by a giant leech

Action                   |  1- 3 |  4- 6 |  7- 9 | 10-12 | 13-15 || total
-------------------------+-------+-------+-------+-------+-------++-------
Melee: Unarmed           |     2 |       |       |       |       ||     2
       Dagger            |    50 |   160 |   496 |  1531 |   670 ||  2907
 Cast: Freeze            |    56 |    61 |    81 |    63 |    49 ||   310
       Animate Skeleton  |       |       |     6 |    48 |    27 ||    81
       Summon Ice Beast  |       |       |       |     1 |     8 ||     9
  Use: Scroll            |       |    13 |    11 |     9 |    10 ||    43
       Potion            |       |       |     2 |     2 |     4 ||     8
 Stab: Sleeping          |     1 |     1 |    15 |    56 |    49 ||   122
       Confused          |       |     1 |       |       |       ||     1
       Distracted        |       |       |     2 |    11 |    12 ||    25
  Eat: Chunk             |     3 |     4 |     8 |    22 |     5 ||    42
       Beef jerky        |       |     1 |     1 |     3 |     1 ||     6
       Bread ration      |       |     1 |     1 |       |       ||     2
       Fruit             |       |     2 |       |     9 |       ||    11
       Meat ration       |       |       |     1 |     1 |     3 ||     5
       Pizza             |       |       |     1 |     1 |     1 ||     3
       Royal jelly       |       |       |       |     5 |     4 ||     9
